 Dungeon Crawl Stone Soup version 0.25-a0-697-g890751e744 (webtiles) character file.

Game seed: 10068689424937898986, levelgen mode: deterministic

163 Alarkh the Slasher (level 5, 38/41 HPs)
             Began as a Demonspawn Fighter on Mar 31, 2020.
             Got out of the dungeon alive.
             The game lasted 00:02:10 (1509 turns).

Alarkh the Slasher (Demonspawn Fighter)             Turns: 1509, Time: 00:02:11

Health: 38/41      AC:  8    Str: 16    XL:     5   Next: 20%
Magic:  14/14      EV:  6    Int: 11    God:
Gold:   131        SH:  8    Dex: 12    Spells: 4/4 levels left

rFire    . . .     SeeInvis .   a - +0 long sword
rCold    + . .     Gourm    .   c - +0 kite shield
rNeg     . . .     Faith    .   m - +2 scale mail {rC+}
rPois    .         Spirit   .   (no helmet)
rElec    .         Reflect  .   (no cloak)
rCorr    .         Harm     .   (no gloves)
MR       .....                  (no boots)
Stlth    ..........             (no amulet)
HPRegen  0.13/turn              k - ring of magical power
MPRegen  0.14/turn              (no ring)

@: no status effects
A: spiny 1, sanguine armour 1
a: no special abilities


You escaped.
You were not hungry.

You visited 1 branch of the dungeon, and saw 3 of its levels.

You collected 131 gold pieces.

Inventory:

Hand Weapons
 a - a +0 long sword (weapon)
Armour
 b - a +0 scale mail
 c - a +0 kite shield (worn)
 m - a +2 scale mail of cold resistance (worn)
Jewellery
 k - a ring of magical power (left hand)
Scrolls
 g - a scroll of enchant weapon {unknown}
 h - a scroll of fear {unknown}
 i - a scroll of fog {unknown}
 j - 3 scrolls of remove curse {unknown}
 l - 2 scrolls of identify {unknown}
 o - a scroll of immolation {unknown}
 q - a scroll of magic mapping {unknown}
Potions
 d - a potion of might
 e - a potion of mutation {unknown}
 n - 2 potions of haste {unknown}
 p - a potion of degeneration {unknown}
 r - a potion of brilliance {unknown}
Comestibles
 f - 3 rations
 s - a chunk of flesh


   Skills:
 - Level 3.0 Fighting
 + Level 5.0 Long Blades
 - Level 2.6 Armour
 - Level 2.6 Shields


You had 4 spell levels left.
You didn't know any spells.
Your spell library was empty.

Dungeon Overview and Level Annotations

Branches:
Dungeon (3/15)

Altars:
Wu Jian
Yredelemnul


Innate Abilities, Weirdness & Mutations

You are partially covered in sharp spines.
When seriously injured, your bleeding wounds create armour. (AC +0)


Message History

Where to? (Enter - D:3 @ (x,y), ? - help)
There is a stone staircase leading up here.
You climb upwards.
There is a stone staircase leading down here.
There is a large open door here.
There is a large open door here.
You see here a +0 club.
There is a stone staircase leading up here.
You climb upwards.
There is a stone staircase leading down here.
You open the door.
There is an open door here.
You see here a stone.
You see here 2 stones.
You see here 3 stones.
There is an open door here.
You see here a stone.
There is a staircase leading out of the dungeon here.
Are you sure you want to leave the Dungeon?
This will make you lose the game!
You have escaped!

#####.....#.................# #.
#####.....#..#....#.........# #.
...............######'###'### #.
...........#...# ##.###.######.
.....#####.##..### #...##.....##.
.#########.##.##.###(..##.....##.
........##.##.#..(#((((.#.....##.
'######.##.##.#...#...((#.....##.
.....##.##.##.#.@('..8((#.######.
.....##.##.##.#..(#(((.(#.# #.
.....##.##.##.#...#.((((#.# ##
..............##.###(..##.#######
...............###.#(.(#........#
...#.##.##.........##.##.######.#
...#.##.##.##.......#'#..# #.#
...#.##.##.##............# #..
.......................#.########


There were no monsters in sight!

Vanquished Creatures
  Natasha (twice) (D:3)
  Terence (D:3)
  3 adders
  2 dart slugs
  2 leopard geckos (D:3)
  8 orcs (D:3)
  2 giant cockroaches (D:3)
  3 hobgoblins (D:2)
  3 jackals (D:1)
  3 quokkas
  A ball python (D:1)
  4 bats
  4 frilled lizards
  3 goblins
  9 kobolds
  2 rats
52 creatures vanquished.

Notes
Turn   | Place    | Note
-------+----------+-------------------------------------------
     0 | D:1      | Alarkh the Demonspawn Fighter began the quest for the Orb.
     0 | D:1      | Reached XP level 1. HP: 18/18 MP: 1/1
   111 | D:1      | Reached skill level 2 in Long Blades
   294 | D:1      | Gained mutation: You are partially covered in sharp spines.
                  | [demonic ancestry]
   294 | D:1      | Reached XP level 2. HP: 24/24 MP: 2/2
   538 | D:2      | Found a basalt altar of Yredelemnul,
   556 | D:2      | Reached skill level 3 in Long Blades
   671 | D:2      | Reached XP level 3. HP: 29/29 MP: 3/3
   688 | D:2      | Found an ornate altar of the Wu Jian Council,
   892 | D:2      | Found a faded altar of an unknown god,
  1138 | D:3      | Noticed Terence
  1156 | D:3      | Killed Terence
  1156 | D:3      | Reached skill level 4 in Long Blades
  1156 | D:3      | Reached XP level 4. HP: 24/35 MP: 4/4
  1269 | D:3      | Noticed Natasha
  1276 | D:3      | Killed Natasha
  1332 | D:3      | Gained mutation: When seriously injured, your bleeding
                  | wounds create armour. (AC +0) [demonic ancestry]
  1332 | D:3      | Reached XP level 5. HP: 18/41 MP: 5/5
  1437 | D:3      | Noticed Natasha
  1444 | D:3      | Killed Natasha
  1444 | D:3      | Reached skill level 5 in Long Blades
  1509 | D:$      | Got out of the dungeon alive.

Levels and vault maps discovered:
D:1:      minmay_arrival_shattered_statue, layout_basic
D:2:      layout_basic, lemuel_doored_altar, lemuel_coloured_pillars_altar,
          chequers_ecumenical_altar_grove, minmay_pentomino_x4
D:3:      layout_rooms, kennysheep_generic_room_14, uniq_terence, uniq_natasha

Skill      XL: |  1  2  3  4  5 |
---------------+----------------+-----
Long Blades    | 2 3 4 5 |  5.0
Fighting       | |  3.0
Armour         | |  2.6
Shields        | |  2.6

Action                   |  1- 3 |  4- 6 || total
-------------------------+-------+-------++-------
Melee: Long sword        |    97 |    33 ||   130
  Eat: Chunk             |     1 |     1 ||     2
Armor: Scale mail        |    57 |    15 ||    72
Dodge: Dodged            |    35 |    16 ||    51
Block: Kite shield       |    56 |    22 ||    78
       Rpst.: Long sword |     9 |     7 ||    16

Table legend:
 A = Non-vault XP
 B = Vault XP
 C = Vault XP percentage of total XP
 D = Non-vault monster count
 E = Vault monster count
 F = Vault count percentage of total count
                 A         B        C        D         E       F
            +---------+---------+-------+---------+---------+-------
      Total |     163 |      71 |  30.3 |      48 |       4 |   7.7
            +---------+---------+-------+---------+---------+-------
        D:1 |      14 |       0 |   0.0 |       8 |       0 |   0.0
        D:2 |      55 |       3 |   5.2 |      18 |       2 |  10.0
        D:3 |      94 |      68 |  42.0 |      22 |       2 |   8.3
            +---------+---------+-------+---------+---------+-------
